 Dungeon Crawl Stone Soup version 0.18.1-48-g4cf74bf (webtiles) character file.

493 tyranidshit the Magician (level 6, -5/58 HPs)
             Began as a Deep Dwarf Necromancer on July 12, 2016.
             Slain by Blork the orc
             ... wielding a +0 glaive
              (10 damage)
             ... on level 4 of the Dungeon.
             The game lasted 00:21:39 (3454 turns).

tyranidshit the Magician (Deep Dwarf Necromancer)   Turns: 3454, Time: 00:21:40

Health: -5/58      AC:  3    Str: 12    XL:     6   Next: 92%
Magic:  8/11       EV: 12    Int: 17    God:
Gold:   274        SH:  0    Dex: 13    Spells: 2 memorised, 10 levels left

rFire  . . .     SeeInvis .     g - +0 battleaxe
rCold  . . .     Gourm    .     a - +0 robe
rNeg   . . .     Faith    .     (shield currently unavailable)
rPois  .         Spirit   .     j - +0 helmet
rElec  .         Dismiss  .     (no cloak)
rCorr  .         Reflect  .     (no gloves)
SustAt .         Harm     .     (no boots)
MR     .....                    (no amulet)
Stlth  ++........               (no ring)
                                (no ring)

@: non-regenerating, drained, not resistant to hostile enchantments, unstealthy
A: damage resistance, recharge devices, sense surroundings 1, slow regeneration
3
a: Device Recharging


You were on level 4 of the Dungeon.
You were not hungry.

You visited 1 branch of the dungeon, and saw 4 of its levels.

You collected 274 gold pieces.

Inventory:

Hand Weapons
 f - a +1 falchion
 g - a +0 battleaxe (weapon)
 p - a +1 vampiric short sword
Missiles
 n - 28 poisoned needles
Armour
 a - a +0 robe (worn)
 j - a +0 helmet (worn)
Wands
 c - a wand of heal wounds (0/9)
 i - a wand of polymorph (8/24)
Scrolls
 e - a scroll of identify
 h - a scroll of blinking
 k - a scroll of enchant weapon
 v - a scroll of remove curse
Potions
 l - a potion of brilliance {unknown}
 m - a potion of haste {unknown}
 q - a potion of might
 r - a potion of flight
 s - a potion of agility
 x - a potion of beneficial mutation {unknown}
 z - 2 potions of curing {unknown}
Books
 b - a book of Necromancy

   Spells                             Type                      Level
   a - Pain                           Necromancy                   1
   b - Animate Skeleton               Necromancy                   1
   c - Vampiric Draining              Necromancy                   3
   d - Regeneration                   Charms/Necromancy            3
   e - Animate Dead                   Necromancy                   4
   f - Control Undead                 Necromancy                   4
Comestibles
 d - a bread ration
 o - a beef jerky
 t - a meat ration


   Skills:
 + Level 4.4(4.2) Fighting
 - Level 2.1(2.0) Dodging
 - Level 2.4(2.2) Stealth
 + Level 4.6(4.4) Spellcasting
 - Level 4.3(4.2) Necromancy


You had 10 spell levels left.
You knew the following spells:

 Your Spells              Type           Power        Failure   Level  Hunger
a - Pain                  Necr           ###.         2%          1    None
b - Vampiric Draining     Necr           ###.......   10%         3    ###....


Dungeon Overview and Level Annotations

Branches:
Dungeon (4/15)
 Temple: D:4-7

Altars:
Kikubaaqudgha
Nemelex Xobeh
Okawaru
Sif Muna
Zin

Annotations:
D:2 Sigmund
D:4 Blork the orc


Innate Abilities, Weirdness & Mutations

You are resistant to damage.
You can recharge devices by infusing magical energy.
You passively map a small area around you.
You do not regenerate naturally.


Message History

s - a potion of agility
There are no items here.
Blork the orc and a skeleton come into view.
You closely miss the adder skeleton. The adder skeleton closely misses you.
The adder skeleton bites you.
You barely miss the adder skeleton. The adder skeleton bites you. x2
You barely miss the adder skeleton. The adder skeleton barely misses you.
The adder skeleton bites you.
You barely miss the adder skeleton.
The adder skeleton closely misses you. x2
You hit the adder skeleton.
Blork the orc shouts!
The adder skeleton bites you but does no damage.
Blork the orc casts a spell.
Blork the orc seems to speed up.
The adder skeleton barely misses you.
You barely miss the adder skeleton.
Blork the orc hits you from afar with a glaive!
* * * LOW HITPOINT WARNING * * *
The adder skeleton closely misses you.
Blork the orc hits you from afar with a glaive!
You die...

***#.......#..**,,,*,*
,,,,...........*.#,*,*
*####......#...*.#,*,*
#.....#..<#...*.#,*,*
##.###.#§###...*.#,#,****
.........#.#...#.#.#,,,,*
...........#.....#.####.*
......O....#....#.......*
##<###..........@Zo.#****
### ###.####.#.###.# #.#
#,#.# *,* #.## *,#.# *,*
#..# *,#.###,* ##.#
*,#.#..,* #.# #,#.#.#**
#.# #.#.#.######## #####
#†###.#.#....#...# #...#


You could see Blork the orc and an adder skeleton.

Vanquished Creatures
  An ogre (D:4)
  An orc wizard (D:3)
  2 worker ants (D:4)
  Natasha (twice) (D:2)
  Terence (D:2)
  6 gnolls (D:3)
  6 adders
  An ooze (D:3)
  A worm (D:2)
  3 dart slugs
  4 giant geckos
  3 orcs (D:3)
  A ball python (D:2)
  3 giant cockroaches
  33 goblins
  31 hobgoblins
  6 bats
  A giant newt (D:1)
  10 kobolds
  3 rats
119 creatures vanquished.

Notes
Turn   | Place    | Note
--------------------------------------------------------------
     0 | D:1      | tyranidshit the Deep Dwarf Necromancer began the quest for the Orb.
     0 | D:1      | Reached XP level 1. HP: 15/15 MP: 3/3
   103 | D:1      | Found a sparkling altar of Nemelex Xobeh.
   345 | D:1      | Reached skill level 1 in Fighting
   423 | D:1      | Reached XP level 2. HP: 22/25 MP: 3/5
  1030 | D:2      | Noticed Terence
  1035 | D:2      | Found a glowing silver altar of Zin.
  1068 | D:2      | Reached XP level 3. HP: 25/32 MP: 6/6
  1073 | D:2      | Killed Terence
  1149 | D:2      | Found a sparkling altar of Nemelex Xobeh.
  1315 | D:2      | Learned a level 3 spell: Vampiric Draining
  1328 | D:2      | Noticed Sigmund
  1540 | D:2      | Noticed Natasha
  1546 | D:2      | Killed Natasha
  1546 | D:2      | Reached XP level 4. HP: 33/40 MP: 4/8
  1857 | D:2      | Noticed Natasha
  1869 | D:2      | Killed Natasha
  2184 | D:3      | Reached XP level 5. HP: 30/49 MP: 0/9
  2302 | D:4      | Noticed an ogre
  2303 | D:4      | Found an ancient bone altar of Kikubaaqudgha.
  2332 | D:4      | Noticed a slave
  2368 | D:3      | Found an iron altar of Okawaru.
  2688 | D:3      | Reached XP level 6. HP: 38/57 MP: 0/11
  3296 | D:4      | Found a deep blue altar of Sif Muna.
  3446 | D:4      | Noticed Blork the orc
  3454 | D:4      | Slain by Blork the orc

Skill      XL: |  1  2  3  4  5  6 |
---------------+-------------------+-----
Fighting       | 1 2 3 4 |  4.4
Spellcasting   | 2 3 4 |  4.6
Dodging        | |  2.1
Stealth        | |  2.4
Necromancy     | |  4.3

Action                   |  1- 3 |  4- 6 || total
-------------------------+-------+-------++-------
Melee: Dagger            |    45 |       ||    45
       Unarmed           |    11 |       ||    11
       Falchion          |     2 |   177 ||   179
       Battleaxe         |       |     7 ||     7
 Cast: Pain              |    36 |    58 ||    94
       Vampiric Draining |     1 |    31 ||    32
 Abil: Device Recharging |       |     1 ||     1
Evoke: Wand              |     2 |    11 ||    13
  Use: Scroll            |     2 |     8 ||    10
       Potion            |     3 |     2 ||     5
 Stab: Sleeping          |       |     1 ||     1
  Eat: Bread ration      |     1 |       ||     1
       Meat ration       |       |     2 ||     2
Armor: Skin              |    14 |       ||    14
       Robe              |     5 |    67 ||    72
Dodge: Dodged            |    40 |   260 ||   300
